 Dungeon Crawl Stone Soup version 0.23-a0-582-g1b4a0ca2fb (webtiles) character file.

15554 Maize the Severer (level 12, 0/112 HPs)
             Began as a Minotaur Fighter on Dec 16, 2018.
             Was a High Priest of Okawaru.
             Slain by a titanic slime creature (55 damage)
             ... on level 12 of the Dungeon.
             The game lasted 00:19:08 (13638 turns).

Maize the Severer (Minotaur Fighter)               Turns: 13638, Time: 00:19:09

Health: 0/112      AC: 25    Str: 25    XL:     12   Next: 2%
Magic:  11/11      EV:  8    Int:  5    God:    Okawaru [*****.]
Gold:   953        SH:  0    Dex: 15    Spells: 11/11 levels left

rFire    . . .     SeeInvis .   N - +2 battleaxe
rCold    + + .     Gourm    .   (shield currently unavailable)
rNeg     . . .     Faith    .   D - +3 chain mail {rC+}
rPois    +         Spirit   .   r - +1 hat {MR+}
rElec    .         Reflect  .   R - +2 cloak {rPois}
rCorr    .         Harm     .   A - +0 pair of gloves
MR       +....                  w - +2 pair of boots
Stlth    ..........             (no amulet)
HPRegen  0.28/turn              E - +4 ring of dexterity
MPRegen  0.12/turn              C - ring of protection from cold

@: no status effects
A: retaliatory headbutt, horns 2
a: Heroism, Finesse, Renounce Religion


You were on level 12 of the Dungeon.
You worshipped Okawaru.
Okawaru was extremely pleased with you.
You were not hungry.

You visited 2 branches of the dungeon, and saw 13 of its levels.

You collected 953 gold pieces.

Inventory:

Hand Weapons
 N - a +2 battleaxe (weapon)
Missiles
 v - 2 silver javelins (quivered)
Armour
 r - a +1 hat of magic resistance (worn)
 w - a +2 pair of boots (worn)
 A - a +0 pair of gloves (worn)
 D - a +3 chain mail of cold resistance (worn)
 J - a +0 plate armour
 R - a +2 cloak of poison resistance (worn)
Jewellery
 q - an uncursed ring of protection from fire
 C - a ring of protection from cold (right hand)
 E - a +4 ring of dexterity (left hand)
Wands
 g - a wand of paralysis (33)
 y - a wand of flame (28)
 z - a wand of iceblast (8)
 B - a wand of random effects (21)
 F - a wand of polymorph (1)
 G - a wand of acid (16)
 H - a wand of enslavement (12)
Scrolls
 a - a scroll of vulnerability {unknown}
 c - 2 scrolls of remove curse
 j - 3 scrolls of teleportation
 k - 3 scrolls of fog
 s - 4 scrolls of fear {unknown}
 t - 2 scrolls of enchant weapon
 K - a scroll of summoning {unknown}
 O - a scroll of magic mapping {unknown}
 Q - a scroll of silence {unknown}
 S - a scroll of brand weapon {unknown}
Potions
 b - a potion of degeneration {unknown}
 d - 2 potions of might
 e - 4 potions of curing
 h - 4 potions of heal wounds
 i - 5 potions of cancellation
 l - 4 potions of lignification {unknown}
 m - a potion of agility {unknown}
 n - 2 potions of flight {unknown}
 o - 2 potions of haste {unknown}
 p - a potion of brilliance {unknown}
 x - 2 potions of ambrosia {unknown}
 I - a potion of berserk rage {unknown}
 M - a potion of invisibility {unknown}
 P - a potion of mutation {unknown}
Miscellaneous
 L - a lightning rod (4/4)
Comestibles
 f - 18 rations


   Skills:
 + Level 12.1 Fighting
 * Level 15.8 Axes
 + Level 12.0 Armour
   Level 3.6 Shields


You had 11 spell levels left.
You didn't know any spells.
Your spell library contained the following spells:

 Spells                   Type           Power        Failure   Level  Hunger
 Corona                   Hex            #......      94%         1    ##.....
 Magic Dart               Conj           #...         94%         1    ##.....
 Blink                    Tloc           N/A          98%         2    ###....
 Call Imp                 Summ           #.......     98%         2    ###....
 Ensorcelled Hibernation  Hex/Ice        #.....       98%         2    ###....
 Slow                     Hex            #.......     98%         2    ###....
 Confuse                  Hex            #.......     100%        3    ####...
 Conjure Flame            Conj/Fire      #.......     100%        3    ####...
 Dazzling Spray           Conj/Hex       #.....       100%        3    ####...
 Mephitic Cloud           Conj/Pois/Air  #.......     100%        3    ####...
 Tukima's Dance           Hex            #.......     100%        3    ####...


Dungeon Overview and Level Annotations

Branches:
Dungeon (12/15)            Temple (1/1) D:4            Lair (0/6) D:10
    Orc (0/2) D:9

Altars:
Ashenzari
Hepliaklqana
Kikubaaqudgha
Okawaru
Qazlal
Sif Muna
Vehumet

Portals:
Trove: D:12 (give +7 demon trident)


Innate Abilities, Weirdness & Mutations

You reflexively headbutt those who attack you in melee.
You have a pair of horns on your head.


Message History

The enormous slime creature closely misses you.
You slice the enormous slime creature!!
You headbutt the enormous slime creature.
The enormous slime creature is severely wounded.
Two slime creatures merge to form a titanic slime creature.
You slice the titanic slime creature!!
The titanic slime creature is severely wounded.
You slice the titanic slime creature!!
You headbutt the titanic slime creature.
The titanic slime creature is severely wounded.
The titanic slime creature hits you.
You completely miss the titanic slime creature.
The titanic slime creature is severely wounded.
The titanic slime creature hits you!!
* * * LOW HITPOINT WARNING * * *
You slash the titanic slime creature!
You headbutt the titanic slime creature.
The titanic slime creature is severely wounded.
The titanic slime creature hits you!!!
You die...

#<........# #.........#
#.........# ########.##
##....# ###..####
##+###### #...##
........########'########
.......JJ@..#...........#
........###.'...(.......#
........# ###...........#
........# #...........#
........# #.......>...#
........# #...........#
........# #...........#
........# #...........#
######### #...........#


You could see a titanic slime creature and a slime creature.

Vanquished Creatures
  Snorg (D:11)
  An ogre mage (D:11)
  3 two-headed ogres (D:11)
  An ugly thing (D:11)
  A deep elf mage (D:10)
  A cyclops (D:11)
  An elephant (D:10)
  Maurice (D:11)
  6 gargoyles (D:9)
  2 trolls
  Grinder (D:6)
  A wraith (D:10)
  6 yaks
  2 hungry ghosts
  Menkaure (D:4)
  A water moccasin (D:11)
  4 orc warriors
  3 ice beasts
  5 sky beasts
  2 black bears (D:10)
  2 phantoms
  13 ogres
  A centaur (D:7)
  2 crocodiles (D:10)
  Blork the orc (D:5)
  9 big kobolds
  10 bullfrogs
  4 gnoll sergeants (D:9)
  2 scorpions
  9 killer bees (D:10)
  3 wights (D:10)
  A howler monkey (D:9)
  6 crimson imps
  2 quasits
  5 orc priests
  2 centaur skeletons
  A gnoll shaman (D:7)
  4 hounds
  4 jellies
  A bullfrog skeleton (D:12)
  6 iguanas
  Ijyb (D:4)
  7 orc wizards
  9 worker ants
  A worker ant zombie (D:6)
  10 adders
  6 gnolls
  4 shadow imps
  An ooze (D:2)
  An adder zombie (D:8)
  3 adder skeletons
  4 worms
  6 dart slugs
  5 leopard geckos
  34 orcs
  2 ball pythons (D:2)
  2 giant cockroaches
  4 goblins
  7 hobgoblins
  12 jackals
  17 kobolds
  6 quokkas
  10 bats
  8 frilled lizards
  A leopard gecko skeleton (D:8)
  8 rats
  A fungus (D:10)
  A plant (D:10)
303 creatures vanquished.

Vanquished Creatures (others)
  A human (D:3)
1 creature vanquished.

Grand Total: 304 creatures vanquished

Notes
Turn   | Place    | Note
-------+----------+-------------------------------------------
     0 | D:1      | Maize the Minotaur Fighter began the quest for the Orb.
     0 | D:1      | Reached XP level 1. HP: 19/19 MP: 0/0
    45 | D:1      | You fall through a shaft!
    80 | D:1      | Reached skill level 3 in Axes
    80 | D:1      | Reached XP level 2. HP: 27/27 MP: 1/1
   535 | D:1      | Reached XP level 3. HP: 33/33 MP: 2/2
   991 | D:2      | Reached skill level 4 in Axes
  1276 | D:2      | Reached XP level 4. HP: 40/40 MP: 3/3
  2216 | D:3      | Found an ancient bone altar of Kikubaaqudgha.
  2219 | D:3      | Noticed a human
  2220 | D:3      | Killed a human
  2279 | D:4      | Reached XP level 5. HP: 4/47 MP: 4/4
  2574 | D:4      | Noticed Ijyb
  2582 | D:4      | Reached skill level 5 in Axes
  2589 | D:4      | Killed Ijyb
  2807 | D:4      | Noticed a phantom
  2877 | D:4      | Killed a phantom
  2877 | D:4      | Reached skill level 5 in Fighting
  2877 | D:4      | Reached skill level 5 in Armour
  2877 | D:4      | Reached XP level 6. HP: 7/56 MP: 5/5
  3256 | D:4      | Reached skill level 6 in Axes
  3484 | D:4      | Noticed Menkaure
  3496 | D:4      | Killed Menkaure
  3630 | D:4      | Found a radiant altar of Vehumet.
  3696 | D:4      | Found a staircase to the Ecumenical Temple.
  3716 | Temple   | Entered the Ecumenical Temple
  3723 | Temple   | Became a worshipper of Warmaster Okawaru
  3745 | D:4      | Reached XP level 7. HP: 59/62 MP: 6/6
  3892 | D:5      | Entered Level 5 of the Dungeon
  3961 | D:5      | Reached skill level 7 in Axes
  4329 | D:5      | Noticed Blork the orc
  4341 | D:5      | Killed Blork the orc
  4341 | D:5      | Reached * piety under Okawaru
  4750 | D:5      | Got a fine robe
  4761 | D:5      | Identified the cursed +0 robe "Hapobent" {Int+4 Slay-3}
                  | (You found it on level 5 of the Dungeon)
  4793 | D:6      | Noticed Grinder
  4797 | D:6      | Paralysed by Grinder for 2 turns
  4904 | D:6      | Killed Grinder
  4904 | D:6      | Reached skill level 8 in Axes
  4904 | D:6      | Reached XP level 8. HP: 71/71 MP: 7/7
  5653 | D:6      | Reached skill level 9 in Axes
  6404 | D:7      | Reached ** piety under Okawaru
  6404 | D:7      | Reached skill level 10 in Axes
  6640 | D:7      | Reached XP level 9. HP: 65/81 MP: 8/8
  7209 | D:8      | Found a deep blue altar of Sif Muna.
  7730 | D:8      | Reached skill level 11 in Axes
  7970 | D:8      | Reached *** piety under Okawaru
  8432 | D:9      | Noticed a troll
  8464 | D:9      | Killed a troll
  8511 | D:9      | Reached skill level 12 in Axes
  8709 | D:9      | Reached XP level 10. HP: 78/91 MP: 9/9
  8925 | D:9      | Noticed a gargoyle
  8927 | D:9      | Noticed a gargoyle
  8927 | D:9      | Noticed a gargoyle
  9294 | D:9      | Killed a gargoyle
  9294 | D:9      | Reached **** piety under Okawaru
  9295 | D:9      | Killed a gargoyle
  9296 | D:9      | Killed a gargoyle
  9541 | D:9      | Found a staircase to the Orcish Mines.
  9701 | D:9      | Noticed a gargoyle
  9711 | D:9      | Killed a gargoyle
  9711 | D:9      | Reached skill level 10 in Fighting
  9711 | D:9      | Reached skill level 13 in Axes
  9711 | D:9      | Reached skill level 10 in Armour
  9962 | D:9      | Noticed a gargoyle
  9972 | D:9      | Killed a gargoyle
 10089 | D:9      | Noticed a gargoyle
 10095 | D:9      | Killed a gargoyle
 10095 | D:9      | Received a gift from Okawaru
 10494 | D:10     | Entered Level 10 of the Dungeon
 10853 | D:10     | Noticed a deep elf mage
 10859 | D:10     | Killed a deep elf mage
 10859 | D:10     | Reached ***** piety under Okawaru
 10954 | D:10     | Reached XP level 11. HP: 90/101 MP: 10/10
 11002 | D:10     | Got a ripped robe
 11013 | D:10     | Identified the +2 robe "Rizxott" {rC+ Str-3 Int+2} (You
                  | found it on level 10 of the Dungeon)
 11053 | D:10     | Reached skill level 14 in Axes
 11083 | D:10     | Found a staircase to the Lair.
 11337 | D:10     | Got a faintly glowing robe
 11348 | D:10     | Identified the +2 robe of the Equator {+Fly rPois Int+4
                  | Slay+3} (You found it on level 10 of the Dungeon)
 11622 | D:10     | Received a gift from Okawaru
 11744 | D:11     | Noticed Maurice
 11758 | D:11     | Killed Maurice
 11871 | D:11     | Noticed a two-headed ogre
 11871 | D:11     | Noticed a two-headed ogre
 11888 | D:11     | Killed a two-headed ogre
 11892 | D:11     | Killed a two-headed ogre
 11961 | D:11     | Noticed an ogre mage
 12094 | D:11     | Killed an ogre mage
 12094 | D:11     | Reached skill level 15 in Axes
 12137 | D:11     | Noticed Snorg
 12402 | D:11     | Noticed a red ugly thing
 12423 | D:11     | Killed a red ugly thing
 12493 | D:11     | Found a stormy altar of Qazlal.
 12513 | D:11     | Noticed a two-headed ogre
 12529 | D:11     | Killed a two-headed ogre
 12958 | D:11     | Killed Snorg
 12958 | D:11     | Received a gift from Okawaru
 13297 | D:12     | Reached XP level 12. HP: 92/112 MP: 11/11
 13507 | D:12     | Found a portal to a secret trove of treasure.
 13638 | D:12     | Slain by a titanic slime creature

Vault maps used:
D:1:      minmay_arrival_widening_spiral_wide
D:3:      tgw_kikubaaqudgha
D:4:      vehumet_altar_wand_db, minmay_temple_entry_glassed_door,
          minmay_liquid_box, uniq_ijyb, uniq_menkaure
D:5:      first_ration, uniq_blork_the_orc
D:6:      uniq_grinder
D:7:      wander_river, grunt_ogre_cave
D:8:      basic_altar, minivault_25
D:9:      cheibrodos_statue_roulette, kennysheep_orc_monster_closet_entryway,
          minmay_tree_intersection
D:10:     cheibrodos_barr_body, david_lair_generic
D:11:     nicolae_qazlal_general_emergency, uniq_snorg, uniq_maurice
D:12:     enter_trove_6, hangedman_incinerator
Temple:   minmay_crystal_snake_temple

Skill      XL: |  1  2  3  4  5  6  7  8  9 10 11 |
---------------+----------------------------------+-----
Axes           | 3 4 5 6 8 10 12 13 15 | 15.8
Fighting       | 4 5 6 7 9 10 12 | 12.1
Armour         | 4 5 6 7 9 10 12 | 12.0
Shields        | |  3.6

Action                   |  1- 3 |  4- 6 |  7- 9 | 10-12 || total
-------------------------+-------+-------+-------+-------++-------
Melee: War axe           |    70 |   142 |   316 |    29 ||   557
       Headbutt          |    11 |    22 |    57 |    80 ||   170
       Battleaxe         |       |       |       |   318 ||   318
Invok: Heroism           |       |       |     1 |       ||     1
  Use: Scroll            |       |       |     9 |     1 ||    10
       Potion            |       |       |       |     1 ||     1
  Eat: Chunk             |     1 |     8 |    14 |    15 ||    38
       Ration            |       |       |     1 |     1 ||     2
Armor: Scale mail        |    43 |    57 |    73 |       ||   173
       Chain mail        |       |       |    84 |   213 ||   297
Dodge: Dodged            |    39 |    71 |   105 |   186 ||   401

Table legend:
 A = Non-vault XP
 B = Vault XP
 C = Vault XP percentage of total XP
 D = Non-vault monster count
 E = Vault monster count
 F = Vault count percentage of total count
                 A         B        C        D         E       F
            +---------+---------+-------+---------+---------+-------
      Total |   13836 |    8384 |  37.7 |     253 |      48 |  15.9
            +---------+---------+-------+---------+---------+-------
        D:1 |      63 |       0 |   0.0 |      24 |       0 |   0.0
        D:2 |      54 |       0 |   0.0 |      20 |       0 |   0.0
        D:3 |      56 |       0 |   0.0 |      20 |       0 |   0.0
        D:4 |     363 |     207 |  36.3 |      16 |       3 |  15.8
        D:5 |     391 |      94 |  19.4 |      11 |       1 |   8.3
        D:6 |     383 |     281 |  42.3 |      13 |       1 |   7.1
        D:7 |    1063 |     122 |  10.3 |      22 |       1 |   4.3
        D:8 |    1010 |       0 |   0.0 |      26 |       0 |   0.0
        D:9 |     689 |    4079 |  85.5 |      19 |      26 |  57.8
       D:10 |    2134 |    2067 |  49.2 |      39 |      14 |  26.4
       D:11 |    7104 |    1534 |  17.8 |      35 |       2 |   5.4
       D:12 |     526 |       0 |   0.0 |       8 |       0 |   0.0
            +---------+---------+-------+---------+---------+-------
